 Dungeon Crawl Stone Soup version 0.20-a0-638-gd210ae2 (webtiles) character file.

19208 Kiturien the Severer (level 12, -1/74 HPs)
             Began as a Hill Orc Fighter on Feb 12, 2017.
             Was an Elder of Qazlal.
             Slain by a bone dragon (7 damage)
             ... on level 3 of the Abyss.
             The game lasted 00:52:54 (14620 turns).

Kiturien the Severer (Hill Orc Fighter)            Turns: 14620, Time: 00:52:54

Health: -1/74      AC: 25    Str: 20    XL:     12   Next: 66%
Magic:  13/13      EV:  8    Int:  6    God:    Qazlal [****..]
Gold:   705        SH: 20    Dex:  6    Spells: 11/11 levels left

rFire    . . .     SeeInvis .   a - +2 war axe
rCold    . . .     Gourm    .   q - +0 plate armour
rNeg     . . .     Faith    .   c - +0 shield
rPois    .         Spirit   .   R - +0 hat
rElec    .         Reflect  +   E - +2 cloak {+Inv}
rCorr    .         Harm     .   F - +0 pair of gloves
MR       .....     Rnd*Rage +   (no boots)
Stlth    ..........             K - +3 amulet of reflection
Regen    0.3/turn               t - +3 ring of protection
                                A - +2 ring of evasion

@: repel missiles
A: antennae 1, talons 2, thin metallic scales 2, berserk 1, blurry vision 3,
clever 1, clumsy 2, dopey 2, frail 3, low mp 2, sense surroundings 1, weak 2, no
potion heal 2, MP-powered wands
a: Upheaval, Elemental Force, Renounce Religion, Evoke Invisibility


You were on level 3 of the Abyss.
You worshipped Qazlal.
Qazlal was greatly pleased with you.
You were very hungry.

You visited 3 branches of the dungeon, and saw 14 of its levels.
You visited the Abyss 1 time.

You collected 1210 gold pieces.
You spent 505 gold pieces at shops.

Inventory:

Hand Weapons
 a - a +2 war axe (weapon)
 j - a +2 mace of holy wrath
 L - a +2 long sword
Missiles
 J - 4 throwing nets (quivered)
Armour
 c - a +0 shield (worn)
 i - a +0 ring mail of fire resistance
 q - a +0 plate armour (worn)
 E - a +2 cloak of invisibility (worn)
 F - a +0 pair of gloves (worn)
 R - a +0 hat (worn)
Jewellery
 s - an uncursed ring of protection from magic
 t - a +3 ring of protection (right hand)
 v - an uncursed ring of fire
 A - a +2 ring of evasion (left hand)
 K - a +3 amulet of reflection (around neck)
 M - an uncursed ring of resist corrosion
Wands
 H - a wand of lightning (6/15)
 I - a wand of acid (6/15)
 O - a wand of polymorph (14/24)
 Q - a wand of lightning (7/15)
Scrolls
 b - 9 scrolls of remove curse
 g - 4 scrolls of enchant armour
 h - 2 scrolls of identify
 k - a scroll of recharging
 w - 2 scrolls of fog
 D - a scroll of torment {unknown}
 N - a scroll of brand weapon {unknown}
 P - a scroll of holy word {unknown}
 S - a scroll of magic mapping {unknown}
Potions
 d - a potion of might
 e - a potion of ambrosia
 l - 2 potions of brilliance
 m - a potion of heal wounds
 n - a potion of haste
 o - a potion of cancellation
 r - 4 potions of curing
 u - a potion of magic
 x - 5 potions of flight
 C - a potion of berserk rage
Books
 y - a book of Minor Magic

   Spells                             Type                      Level
   a - Magic Dart                     Conjuration                  1
   b - Blink                          Translocation                2
   c - Call Imp                       Summoning                    2
   d - Slow                           Hexes                        2
   e - Conjure Flame                  Conjuration/Fire             3
   f - Mephitic Cloud                 Conjuration/Poison/Air       3
Comestibles
 f - 3 bread rations
 p - 6 meat rations
 B - 14 royal jellies
 G - 12 fruits


   Skills:
 + Level 10.2 Fighting
 + Level 16.2 Axes
 + Level 9.4 Armour
 + Level 1.7 Dodging
 - Level 0.6 Stealth
 + Level 10.4 Shields
 * Level 6.1 Evocations


You had 11 spell levels left.
You didn't know any spells.

Dungeon Overview and Level Annotations

Branches:
Dungeon (11/15)            Temple (1/1) D:7            Lair (0/6) D:11
    Orc (2/2) D:9
    Elf: Orc:2

Altars:
Ashenzari
Cheibriados
Dithmenos
Elyvilon
Fedhas
Gozag
Hepliaklqana
Kikubaaqudgha
Makhleb
Nemelex Xobeh
Okawaru
Qazlal
Ru
Sif Muna
Trog
Uskayaw
Vehumet
Xom
Yredelemnul
Zin
The Shining One
Jiyva

Shops:
D:8 =:   D:9 [   D:10 *   D:11 }}?*?

Annotations:
D:8 Execuda's ghost, novice OgBe
D:10 1 runed door
Orc:2 Sonja


Innate Abilities, Weirdness & Mutations

You have a pair of small antennae on your head.
You have razor-sharp toenails.
You are mostly covered in thin metallic scales. (AC +3)
You tend to lose your temper in combat.
Your mind is acute. (Int +2)
You passively map a small area around you.
You expend magic power (3 MP) to strengthen your wands.
[Scrolls take you much longer to read.]
[You are very clumsy. (Dex -4)]
[You are very dopey. (Int -4)]
[You are extremely frail. (-30% HP)]
[Your magical capacity is very low. (-20% MP)]
[You are very weak. (Str -4)]
[Potions are poor at restoring your health.]


Message History

Found a potion of curing.
You see here a battleaxe.
You are feeling very hungry.
A bone dragon comes into view.
You block the bone dragon's attack. x2
The bone dragon tramples you but does no damage.
An apocalypse crab comes into view.
A sixfirhy comes into view.
The sixfirhy hits you but does no damage.
You block the sixfirhy's attack. The sixfirhy barely misses you.
You block the sixfirhy's attack. x2; The sixfirhy hits you!
* * * LOW HITPOINT WARNING * * *
The sixfirhy shocks you!
* * * LOW HITPOINT WARNING * * *
The sixfirhy hits you but does no damage.
The bone dragon is engulfed in blazing flames.
The bone dragon bites you.
* * * LOW HITPOINT WARNING * * *
The bone dragon claws you!
You die...

##t
#.###...
..####. ..#
. #.#..## .
# ## #.##.#
.
###.##..#.#
#.
#....#.#..#
.#
#.#..#...#
##.3t#..##
#.@D#.###
#...##....#
### ######


You could see a bone dragon, an apocalypse crab and a sixfirhy.

Vanquished Creatures
  Harold (D:11)
  The ghost of lupus83 the Fencer, a journeyman MiFi of Okawaru (D:10)
  The ghost of Aksej the Unseen, a journeyman OpAs of Dithmenos (D:11)
  An orc high priest (Orc:1)
  5 two-headed ogres
  A wretched star (Abyss:2)
  Pikel (D:8)
  An orc knight (Orc:1)
  Psyche (D:11)
  6 trolls
  A hornet (D:10)
  Prince Ribbit (D:6)
  Grinder (D:4)
  A hippogriff (D:8)
  3 wyverns (D:9)
  A wraith (D:10)
  5 yaks (D:10)
  2 hungry ghosts
  3 wargs (Orc:1)
  8 orc warriors
  4 ice beasts
  2 sky beasts
  3 slaves (D:8)
  2 necrophages (D:9)
  3 phantoms
  A small abomination (Abyss:3)
  2 black bears (D:8)
  9 ogres
  5 centaurs
  4 crocodiles
  2 big kobolds (D:9)
  6 bullfrogs
  10 killer bees
  5 scorpions
  5 wights (D:8)
  2 bullfrog zombies
  5 crimson imps
  2 centaur zombies
  8 jellies
  6 orc priests
  2 gnoll shamans
  5 hounds
  2 centaur skeletons
  A bullfrog skeleton (D:10)
  14 orc wizards
  5 iguanas
  2 worker ants
  A mummy (D:8)
  Robin (D:4)
  18 gnolls
  11 adders
  3 shadow imps (D:7)
  7 oozes
  An adder skeleton (D:9)
  An adder zombie (D:8)
  5 worms
  4 dart slugs
  6 leopard geckos
  44 orcs
  5 ball pythons
  4 giant cockroaches
  15 goblins
  4 hobgoblins
  16 jackals
  2 quokkas
  7 bats
  7 frilled lizards
  20 kobolds
  9 rats
353 creatures vanquished.

Vanquished Creatures (others)
  An orc sorcerer (Orc:1)
  An orc warrior (Orc:1)
  A slave (D:8)
  An ooze (Abyss:2)
4 creatures vanquished.

Grand Total: 357 creatures vanquished

Notes
Turn   | Place    | Note
-------+----------+-------------------------------------------
     0 | D:1      | Kiturien the Hill Orc Fighter began the quest for the Orb.
     0 | D:1      | Reached XP level 1. HP: 19/19 MP: 1/1
    40 | D:1      | Reached XP level 2. HP: 15/27 MP: 2/2
   199 | D:1      | Reached skill level 3 in Axes
   267 | D:1      | Reached XP level 3. HP: 33/33 MP: 3/3
  1006 | D:2      | Reached XP level 4. HP: 26/40 MP: 4/4
  1378 | D:2      | Reached skill level 4 in Axes
  2204 | D:3      | Reached XP level 5. HP: 32/47 MP: 5/5
  2341 | D:3      | Found a faded altar of an unknown god.
  2584 | D:3      | Reached skill level 5 in Axes
  2879 | D:3      | Gained mutation: [You are clumsy. (Dex -2)] [potion of mutation]
  2879 | D:3      | Gained mutation: You are resistant to hostile enchantments. (MR+) [potion of mutation]
  2880 | D:3      | Lost mutation: [You are clumsy. (Dex -2)] [potion of mutation]
  2880 | D:3      | Lost mutation: You are resistant to hostile enchantments. (MR+) [potion of mutation]
  2880 | D:3      | Gained mutation: You have sharp toenails. [potion of mutation]
  2880 | D:3      | Gained mutation: You evolve. [potion of mutation]
  3096 | D:4      | Noticed Robin
  3115 | D:4      | Killed Robin
  3252 | D:4      | Reached XP level 6. HP: 53/53 MP: 6/6
  3415 | D:4      | Noticed Grinder
  3439 | D:4      | Paralysed by something for 3 turns
  3463 | D:4      | Killed Grinder
  3463 | D:4      | Reached skill level 6 in Axes
  3463 | D:4      | Reached XP level 7. HP: 32/60 MP: 7/7
  3900 | D:4      | Reached skill level 7 in Axes
  4088 | D:4      | Reached skill level 1 in Dodging
  4089 | D:4      | Reached skill level 5 in Fighting
  4143 | D:5      | Entered Level 5 of the Dungeon
  4160 | D:4      | Reached skill level 5 in Armour
  4348 | D:4      | Gained mutation: You have a pair of small antennae on your head. [evolution]
  4362 | D:5      | Reached skill level 5 in Shields
  4419 | D:5      | Reached skill level 8 in Axes
  4509 | D:5      | Reached XP level 8. HP: 51/69 MP: 8/8
  4852 | D:5      | Reached skill level 9 in Axes
  5355 | D:6      | Noticed Prince Ribbit
  6267 | D:6      | Killed Prince Ribbit
  6267 | D:6      | Reached skill level 10 in Axes
  6450 | D:6      | Reached XP level 9. HP: 49/78 MP: 9/9
  7009 | D:6      | Gained mutation: Your body sometimes deteriorates upon taking damage. [mutagenic meat]
  7010 | D:6      | Lost mutation: Your body sometimes deteriorates upon taking damage. [mutagenic meat]
  7011 | D:6      | Gained mutation: You passively map a small area around you. [mutagenic meat]
  7012 | D:6      | Gained mutation: You tend to lose your temper in combat. [mutagenic meat]
  7123 | D:6      | Reached skill level 11 in Axes
  7527 | D:7      | Found a staircase to the Ecumenical Temple.
  7539 | Temple   | Entered the Ecumenical Temple
  7616 | Temple   | Became a worshipper of Qazlal Stormbringer
  8362 | D:8      | Noticed a two-headed ogre
  8381 | D:8      | Killed a two-headed ogre
  8381 | D:8      | Reached skill level 12 in Axes
  8513 | D:8      | Gained mutation: You are partially covered in thin metallic scales. (AC +2) [evolution]
  8513 | D:8      | Lost mutation: You evolve. [end of evolution]
  8576 | D:8      | HP: 3/79 [killer bee (5)]
  8582 | D:8      | Reached XP level 10. HP: 58/86 MP: 10/10
  8603 | D:8      | Noticed Psyche
  8624 | D:8      | Noticed Execuda's ghost (novice OgBe)
  8628 | D:8      | Noticed Pikel
  8638 | D:8      | Noticed a two-headed ogre
  9183 | D:9      | Reached * piety under Qazlal
  9253 | D:9      | Found a staircase to the Orcish Mines.
  9287 | D:9      | Reached skill level 13 in Axes
  9316 | D:9      | Found a viscous altar of Jiyva.
  9448 | D:9      | Found Nipsueka's Armour Shop.
  9457 | D:9      | Bought a +2 cloak of invisibility for 301 gold pieces
  9688 | D:8      | Found Moruyz's Book Shoppe.
  9811 | D:8      | Reached ** piety under Qazlal
  9816 | D:8      | Reached skill level 1 in Evocations
  9862 | D:8      | Gained mutation: You are mostly covered in thin metallic scales. (AC +3) [mutagenic meat]
  9869 | D:8      | Gained mutation: You have razor-sharp toenails. [mutagenic meat]
  9870 | D:8      | Gained mutation: Your mind is acute. (Int +2) [mutagenic meat]
  9871 | D:8      | Gained mutation: You expend magic power (3 MP) to strengthen your wands. [mutagenic meat]
  9997 | D:8      | Killed Pikel
 10058 | D:8      | Noticed a two-headed ogre
 10067 | D:8      | Killed a two-headed ogre
 10067 | D:8      | Reached skill level 14 in Axes
 10067 | D:8      | Reached XP level 11. HP: 56/94 MP: 11/13
 10152 | D:8      | Killed a two-headed ogre
 10219 | D:8      | Found Nugerof's Jewellery Shop.
 10467 | D:8      | HP: 1/94 [Execuda's ghost (18)]
 11497 | D:8      | HP: 3/94 [Execuda's ghost (20)]
 11819 | D:10     | Entered Level 10 of the Dungeon
 11911 | D:10     | Noticed lupus83's ghost (journeyman MiFi)
 11933 | D:10     | Killed lupus83's ghost
 12054 | D:10     | Noticed a storm dragon
 12054 | D:10     | Noticed a deep elf mage
 12054 | D:10     | Noticed a storm dragon
 12055 | D:10     | Found a runed door.
 12057 | D:10     | Noticed a yaktaur captain
 12057 | D:10     | Noticed a stone giant
 12057 | D:10     | Noticed a fire giant
 12057 | D:10     | Noticed a sphinx
 12057 | D:10     | Noticed an ettin
 12180 | D:10     | Noticed a two-headed ogre
 12183 | D:10     | Noticed a two-headed ogre
 12190 | D:10     | Killed a two-headed ogre
 12200 | D:10     | Killed a two-headed ogre
 12275 | D:10     | Reached *** piety under Qazlal
 12353 | D:10     | Found Ijeemutoc's General Store.
 12358 | D:10     | Bought a +3 amulet of reflection for 204 gold pieces
 12407 | D:10     | Reached skill level 15 in Axes
 12666 | D:11     | Found Fuommigi's Gadget Boutique.
 12673 | D:11     | Noticed Harold
 12686 | D:11     | Killed Harold
 12686 | D:11     | Reached XP level 12. HP: 104/104 MP: 15/15
 12692 | D:11     | Noticed Aksej's ghost (journeyman OpAs)
 12714 | D:11     | Reached skill level 5 in Evocations
 12734 | D:11     | Killed Aksej's ghost
 12877 | D:11     | Found a staircase to the Lair.
 12940 | D:11     | Found Goceod's Assorted Antiques.
 13009 | D:11     | Found Koekis's Magic Scroll Boutique.
 13190 | D:11     | Found Bilegawn's Gadget Shoppe.
 13252 | D:11     | Killed Psyche
 13274 | D:11     | Found Xoriaw's Magic Scroll Boutique.
 13467 | Orc:1    | Entered Level 1 of the Orcish Mines
 13489 | Orc:1    | Noticed an orc high priest
 13526 | Orc:1    | Reached **** piety under Qazlal
 13529 | Orc:1    | Noticed a soul eater
 13546 | Orc:1    | Killed an orc high priest
 13610 | Orc:1    | Reached skill level 10 in Shields
 13712 | Orc:1    | Reached skill level 16 in Axes
 13869 | Orc:1    | Reached skill level 10 in Fighting
 13875 | Orc:1    | Noticed a sun demon
 14314 | Orc:2    | Entered Level 2 of the Orcish Mines
 14370 | Orc:2    | Noticed Sonja
 14371 | Orc:2    | Cast into level 2 of the Abyss (Sonja)
 14429 | Abyss:2  | Noticed a wretched star
 14445 | Abyss:2  | Killed a wretched star
 14459 | Abyss:2  | Noticed a blizzard demon
 14517 | Abyss:3  | Noticed a starcursed mass
 14544 | Abyss:3  | Noticed a thrashing horror
 14554 | Abyss:3  | Noticed a wretched star
 14560 | Abyss:3  | Noticed a wretched star
 14604 | Abyss:3  | Noticed a bone dragon
 14620 | Abyss:3  | Slain by a bone dragon

Vault maps used:
D:1:      dpeg_chamrin_arrival_tetris
D:3:      chequers_ecumenical_altar_twisty
D:4:      first_bread, uniq_robin, uniq_grinder
D:5:      kennysheep_generic_room_2
D:6:      dk_vineyard_3, uniq_prince_ribbit1
D:7:      minmay_temple_entry_glass
D:8:      serial_shops, shop, shop, gup_ossuary_entry_pyramid,
          hangedman_little_slice_of_home, uniq_pikel, uniq_psyche
D:9:      orc_0_dummy, serial_shops, shop, jiyva_altar_1
D:10:     minmay_gate_of_8, serial_shops, shop,
          hangedman_abyss_or_decor_stagger, kennysheep_kite_vault
D:11:     lair_entry_dummy, serial_shops, nicolae_shop_behind_doors,
          kennysheep_mini_moat, shop_statue, shop, shop, uniq_harold
Temple:   minmay_crystal_snake_temple
Orc:1:    nicolae_orc_lava_room
Orc:2:    st_orc_congregation, portal_ice_cave_entry_animals_and_master,
          nicolae_orc_sculptors_studio, led_sif_book, uniq_sonja
Abyss:3:  hangedman_abyss_batty_box, evilmike_abyss_rune_siren_acolytes

Skill      XL: |  1  2  3  4  5  6  7  8  9 10 11 12 |
---------------+-------------------------------------+-----
Fighting       | 4 5 6 7 8 9 10 | 10.2
Axes           | 3 4 5 6 8 10 12 14 15 16 | 16.2
Shields        | 4 5 6 8 9 10 | 10.4
Armour         | 4 5 6 7 8 9 |  9.4
Dodging        | 1 |  1.7
Evocations     | 2 4 6 |  6.1
Stealth        | |  0.6

Action                   |  1- 3 |  4- 6 |  7- 9 | 10-12 || total
-------------------------+-------+-------+-------+-------++-------
Melee: War axe           |   105 |   227 |   407 |   654 ||  1393
       Kick              |       |    12 |   105 |   193 ||   310
 Abil: Evoke Invisibilit |       |       |       |     1 ||     1
  Use: Scroll            |       |    10 |    11 |     4 ||    25
       Potion            |       |     2 |     4 |     1 ||     7
 Stab: Invisible         |       |       |       |     1 ||     1
       Held in net/web   |       |       |       |     1 ||     1
  Eat: Chunk             |       |     4 |    18 |    12 ||    34
       Bread ration      |       |     1 |     1 |     3 ||     5
Armor: Scale mail        |    23 |       |       |       ||    23
       Ring mail         |    37 |     8 |       |       ||    45
       Plate armour      |       |   136 |   204 |   276 ||   616
Dodge: Dodged            |    57 |    32 |   113 |   136 ||   338
       Deflected         |       |       |       |     2 ||     2
Block: Shield            |    80 |   119 |   213 |   493 ||   905
       Reflection        |       |       |       |    13 ||    13
